2284 views
Uploaded 2025-03-01 23:37:50
Game version 1.00 (6115)
80:47 long 1on1on1on1 ladder game on (8)Monopoly_S2_v1.5
Saved by ÇŒÂ
2284 views
Uploaded 2025-03-01 23:37:50
Game version 1.00 (6115)
80:47 long 1on1on1on1 ladder game on (8)Monopoly_S2_v1.5

10 units @ 0.8k
/ 0k
11 buildings @ 1.7k
/ 0.7k



| Healing Salve | 5 | 500 |
| Lesser Clarity Potion | 2 | 140 |
| Orb of Lightning | 2 | 750 |
| Circlet of Nobility | 3 | 525 |
| Periapt of Vitality | 1 | 325 |
| Claws of Attack +9 | 2 | 600 |
| Claws of Attack +6 | 1 | 125 |
| Gloves of Haste | 3 | 375 |
| Talisman of Evasion | 1 | 300 |
| Potion of Greater Healing | 1 | 400 |
| total: | 21 | 4040g |
| Peon | 10 | 750 | / | 0 |
| total: | 10 | 750g | / | 0w |
| Altar of Storms | 1 | 180 | / | 50 |
| Orc Burrow | 5 | 800 | / | 200 |
| Voodoo Lounge | 1 | 130 | / | 30 |
| War Mill | 1 | 205 | / | 0 |
| Spirit Lodge | 1 | 150 | / | 150 |
| Tauren Totem | 2 | 270 | / | 310 |
| Stronghold | 1 | 315 | / | 190 |
| Fortress | 1 | 325 | / | 190 |
| total: | 11 | 1735g | / | 740w |
| 0:07 | Peon |
| 0:07 | Peon |
| 0:12 | Altar of Storms |
| 0:15 | Orc Burrow |
| 0:24 | Peon |
| 0:24 | Peon |
| 0:50 | Voodoo Lounge |
| 0:59 | Peon |
| 0:59 | Peon |
| 0:59 | Peon |
| 1:22 | Peon |
| 1:27 | Peon |
| 1:37 | Peon |
| 2:10 | Healing Salve |
| 2:10 | Healing Salve |
| 2:10 | Healing Salve |
| 2:15 | Stronghold |
| 2:21 | Wind Walk |
| 2:33 | Circlet of Nobility |
| 2:46 | Periapt of Vitality |
| 3:26 | Orc Burrow |
| 3:30 | War Mill |
| 3:44 | Circlet of Nobility |
| 4:16 | Claws of Attack +9 |
| 4:45 | Summon Lava Spawn |
| 5:26 | Fortress |
| 5:33 | Critical Strike |
| 6:07 | Healing Salve |
| 6:08 | Lesser Clarity Potion |
| 6:38 | Orc Burrow |
| 6:43 | Claws of Attack +6 |
| 6:44 | Circlet of Nobility |
| 6:45 | Gloves of Haste |
| 6:53 | Claws of Attack +9 |
| 6:54 | Talisman of Evasion |
| 7:00 | Reinforced Defenses |
| 7:04 | Orc Burrow |
| 7:52 | Gloves of Haste |
| 8:32 | Gloves of Haste |
| 8:39 | Potion of Greater Healing |
| 9:34 | Summon Quilbeast |
| 9:57 | Spirit Lodge |
| 10:00 | Tauren Totem |
| 10:30 | Critical Strike |
| 10:51 | Tauren Totem |
| 11:00 | Lesser Clarity Potion |
| 11:03 | Healing Salve |
| 11:14 | Orc Burrow |
| 11:29 | Orb of Lightning |
| 11:29 | Orb of Lightning |
| Right click | 528 |
| Select | 156 |
| Build/train/purchase | 74 |
| Misc. action | 62 |
| Use ability | 15 |
| Item give/drop | 6 |
| Select group | 3 |
| Assign group | 2 |
116 units @ 14.1k
/ 2.6k
69 buildings @ 12.3k
/ 6.1k



| Staff of Preservation | 2 | 300 |
| Potion of Healing | 1 | 150 |
| Orb of Venom | 1 | 325 |
| Scroll of Town Portal | 4 | 1400 |
| Scroll of Healing | 1 | 250 |
| Boots of Speed | 2 | 500 |
| Potion of Lesser Invulnerability | 4 | 600 |
| Periapt of Vitality | 2 | 650 |
| Scroll of Protection | 9 | 1350 |
| Crown of Kings +5 | 4 | 4000 |
| Ancient Janggo of Endurance | 1 | 500 |
| Mask of Death | 1 | 1000 |
| Medallion of Courage | 1 | 500 |
| Boots of Quel'Thalas +6 | 1 | 400 |
| Scourge Bone Chimes | 1 | 400 |
| Potion of Invulnerability | 1 | 400 |
| total: | 36 | 12725g |
| Wisp | 64 | 3840 | / | 0 |
| Archer | 2 | 260 | / | 20 |
| Druid of the Claw | 9 | 2295 | / | 720 |
| Dryad | 15 | 2175 | / | 900 |
| Chimaera | 7 | 2310 | / | 490 |
| Hippogryph | 18 | 2880 | / | 360 |
| Goblin Shredder | 1 | 375 | / | 100 |
| total: | 116 | 14135g | / | 2590w |
| Ancient Protector | 14 | 1890 | / | 1120 |
| Altar of Elders | 1 | 180 | / | 50 |
| Moon Well | 28 | 5040 | / | 1120 |
| Ancient of War | 1 | 150 | / | 60 |
| Tree of Life | 7 | 2380 | / | 1295 |
| Hunter's Hall | 1 | 210 | / | 100 |
| Ancient of Wonders | 2 | 180 | / | 60 |
| Ancient of Lore | 5 | 775 | / | 725 |
| Ancient of Wind | 6 | 900 | / | 840 |
| Chimaera Roost | 4 | 560 | / | 760 |
| Tree of Ages | 2 | 640 | / | 360 |
| Tree of Eternity | 2 | 660 | / | 400 |
| total: | 69 | 12265g | / | 6130w |
| 0:02 | Wisp |
| 0:02 | Wisp |
| 0:11 | Altar of Elders |
| 0:19 | Moon Well |
| 0:22 | Ancient of War |
| 0:30 | Wisp |
| 0:38 | Wisp |
| 0:56 | Wisp |
| 0:57 | Wisp |
| 1:17 | Wisp |
| 1:24 | Archer |
| 1:43 | Moon Well |
| 1:45 | Archer |
| 2:11 | Evasion |
| 2:36 | Wisp |
| 2:37 | Wisp |
| 2:37 | Wisp |
| 2:37 | Wisp |
| 2:46 | Wisp |
| 2:59 | Wisp |
| 3:07 | Wisp |
| 4:14 | Tree of Life |
| 4:15 | Mana Burn |
| 4:20 | Tree of Ages |
| 4:30 | Hunter's Hall |
| 4:34 | Ancient of Wonders |
| 4:37 | Moon Well |
| 5:10 | Goblin Shredder |
| 5:31 | Mana Burn |
| 5:37 | Moon Well |
| 6:14 | Wisp |
| 6:15 | Wisp |
| 6:15 | Wisp |
| 6:15 | Wisp |
| 6:15 | Wisp |
| 6:52 | Drunken Haze |
| 6:59 | Ancient of Lore |
| 7:00 | Ancient of Lore |
| 7:02 | Staff of Preservation |
| 7:18 | Tree of Eternity |
| 7:40 | Evasion |
| 7:53 | Tree of Life |
| 8:05 | Ancient of Wind |
| 8:11 | Breath of Fire |
| 8:14 | Moon Well |
| 8:24 | Nature's Blessing |
| 8:25 | Wisp |
| 8:25 | Wisp |
| 8:25 | Wisp |
| 8:33 | Druid of the Claw |
| 8:36 | Druid of the Claw Adept Training |
| 9:10 | Druid of the Claw |
| 9:29 | Dryad |
| 9:29 | Abolish Magic |
| 9:41 | Druid of the Claw Master Training |
| 9:50 | Ancient Protector |
| 9:59 | Chimaera Roost |
| 10:02 | Chimaera Roost |
| 10:06 | Tree of Life |
| 10:21 | Chimaera Roost |
| 10:22 | Chimaera Roost |
| 10:24 | Reinforced Hides |
| 10:32 | Breath of Fire |
| 10:37 | Mark of the Claw |
| 10:39 | Potion of Healing |
| 10:39 | Orb of Venom |
| 10:39 | Staff of Preservation |
| 10:45 | Entangling Roots |
| 10:55 | Wisp |
| 10:55 | Wisp |
| 10:55 | Wisp |
| 10:55 | Wisp |
| 10:56 | Wisp |
| 11:35 | Ancient of Wind |
| 11:36 | Ancient of Wind |
| 12:29 | Thorns Aura |
| 12:32 | Mana Burn |
| 12:37 | Corrosive Breath |
| 12:39 | Improved Reinforced Hides |
| 13:07 | Ancient Protector |
| 13:09 | Wisp |
| 13:09 | Wisp |
| 13:09 | Wisp |
| 13:14 | Ancient of Wind |
| 13:18 | Ancient of Lore |
| 13:24 | Ancient Protector |
| 13:25 | Ancient Protector |
| 13:31 | Ancient of Lore |
| 13:46 | Crown of Kings +5 |
| 13:54 | Boots of Speed |
| 13:55 | Potion of Lesser Invulnerability |
| 13:57 | Periapt of Vitality |
| 14:06 | Advanced Reinforced Hides |
| 14:06 | Strength of the Wild |
| 14:22 | Crown of Kings +5 |
| 14:30 | Periapt of Vitality |
| 14:31 | Ancient Janggo of Endurance |
| 15:06 | Backpack |
| 15:15 | Mask of Death |
| 15:25 | Drunken Haze |
| 15:30 | Boots of Speed |
| 15:55 | Druid of the Talon Adept Training |
| 17:15 | Entangling Roots |
| 17:22 | Druid of the Talon Master Training |
| 17:23 | Improved Strength of the Wild |
| 17:28 | Moon Well |
| 17:36 | Mark of the Talon |
| 17:38 | Ultravision |
| 17:38 | Well Spring |
| 18:09 | Ancient of Wind |
| 18:35 | Hardened Skin |
| 18:35 | Resistant Skin |
| 18:37 | Moon Well |
| 18:50 | Medallion of Courage |
| 18:56 | Boots of Quel'Thalas +6 |
| 19:33 | Moon Well |
| 19:48 | Advanced Strength of the Wild |
| 19:54 | Wisp |
| 19:54 | Wisp |
| 19:54 | Wisp |
| 19:56 | Wisp |
| 19:56 | Wisp |
| 19:56 | Wisp |
| 20:21 | Ancient Protector |
| 20:24 | Wisp |
| 20:24 | Wisp |
| 20:25 | Wisp |
| 20:25 | Wisp |
| 20:39 | Ancient Protector |
| 20:43 | Moon Well |
| 21:05 | Ancient Protector |
| 21:06 | Ancient Protector |
| 21:45 | Tree of Life |
| 21:47 | Ancient of Wonders |
| 21:50 | Ancient Protector |
| 22:00 | Moon Well |
| 22:25 | Scourge Bone Chimes |
| 23:02 | Thorns Aura |
| 23:10 | Moon Well |
| 24:09 | Moon Well |
| 24:18 | Strength of the Moon |
| 24:18 | Moon Armor |
| 24:21 | Breath of Fire |
| 24:25 | Wisp |
| 24:25 | Wisp |
| 24:25 | Wisp |
| 24:45 | Potion of Lesser Invulnerability |
| 25:17 | Moon Well |
| 26:03 | Ancient of Wind |
| 26:12 | Moon Well |
| 27:14 | Moon Well |
| 28:08 | Moon Well |
| 29:08 | Druid of the Claw |
| 30:22 | Moon Well |
| 31:21 | Moon Well |
| 31:33 | Crown of Kings +5 |
| 32:34 | Moon Well |
| 33:04 | Crown of Kings +5 |
| 37:12 | Tree of Ages |
| 38:34 | Improved Strength of the Moon |
| 38:34 | Improved Moon Armor |
| 39:34 | Tree of Eternity |
| 39:57 | Marksmanship |
| 39:57 | Moon Glaive |
| 39:57 | Sentinel |
| 39:57 | Vorpal Blades |
| 40:01 | Improved Bows |
| 45:09 | Entangling Roots |
| 45:55 | Chimaera |
| 46:02 | Advanced Strength of the Moon |
| 46:03 | Advanced Moon Armor |
| 46:53 | Ancient Protector |
| 46:54 | Ancient Protector |
| 46:55 | Ancient Protector |
| 46:59 | Chimaera |
| 47:43 | Wisp |
| 49:20 | Moon Well |
| 50:24 | Storm Earth and Fire |
| 51:20 | Metamorphosis |
| 53:17 | Drunken Haze |
| 53:22 | Dryad |
| 54:18 | Moon Well |
| 54:22 | Tranquility |
| 55:04 | Hippogryph |
| 55:20 | Druid of the Claw |
| 55:28 | Scroll of Town Portal |
| 55:34 | Moon Well |
| 57:00 | Hippogryph |
| 57:15 | Moon Well |
| 57:19 | Dryad |
| 57:39 | Hippogryph |
| 57:54 | Tree of Life |
| 58:08 | Druid of the Claw |
| 58:12 | Scroll of Town Portal |
| 58:13 | Scroll of Protection |
| 58:24 | Moon Well |
| 58:24 | Moon Well |
| 58:54 | Ancient Protector |
| 59:36 | Hippogryph |
| 59:59 | Dryad |
| 60:14 | Hippogryph |
| 60:15 | Dryad |
| 61:20 | Wisp |
| 61:20 | Wisp |
| 61:37 | Moon Well |
| 61:44 | Hippogryph |
| 61:45 | Dryad |
| 61:59 | Scroll of Protection |
| 62:02 | Potion of Lesser Invulnerability |
| 62:08 | Wisp |
| 62:15 | Wisp |
| 62:16 | Wisp |
| 62:18 | Hippogryph |
| 63:00 | Moon Well |
| 63:01 | Ancient of Lore |
| 63:08 | Hippogryph |
| 63:08 | Druid of the Claw |
| 64:06 | Hippogryph |
| 64:11 | Moon Well |
| 64:53 | Hippogryph |
| 65:00 | Dryad |
| 65:01 | Dryad |
| 65:20 | Wisp |
| 65:23 | Wisp |
| 65:23 | Wisp |
| 65:23 | Wisp |
| 65:24 | Wisp |
| 65:24 | Wisp |
| 65:42 | Scroll of Protection |
| 66:22 | Hippogryph |
| 66:31 | Dryad |
| 66:58 | Hippogryph |
| 67:36 | Druid of the Claw |
| 67:39 | Hippogryph |
| 67:47 | Scroll of Protection |
| 69:29 | Evasion |
| 69:53 | Chimaera |
| 69:54 | Hippogryph |
| 70:07 | Druid of the Claw |
| 70:15 | Scroll of Town Portal |
| 70:30 | Ancient Protector |
| 70:51 | Hippogryph |
| 71:09 | Scroll of Protection |
| 71:12 | Scroll of Protection |
| 71:29 | Tree of Life |
| 71:48 | Potion of Lesser Invulnerability |
| 72:10 | Chimaera |
| 73:10 | Dryad |
| 73:14 | Chimaera |
| 73:15 | Hippogryph |
| 73:33 | Scroll of Protection |
| 73:50 | Hippogryph |
| 73:58 | Chimaera |
| 74:04 | Wisp |
| 74:04 | Wisp |
| 74:04 | Wisp |
| 74:04 | Wisp |
| 74:04 | Wisp |
| 75:06 | Thorns Aura |
| 75:27 | Drunken Brawler |
| 75:31 | Tree of Life |
| 75:33 | Hippogryph |
| 75:49 | Scroll of Protection |
| 76:16 | Dryad |
| 76:40 | Dryad |
| 76:55 | Dryad |
| 77:25 | Druid of the Claw |
| 78:02 | Potion of Invulnerability |
| 78:31 | Dryad |
| 78:33 | Wisp |
| 78:34 | Wisp |
| 78:34 | Wisp |
| 78:53 | Wisp |
| 78:57 | Scroll of Healing |
| 79:00 | Dryad |
| 79:03 | Scroll of Town Portal |
| 79:06 | Scroll of Protection |
| 79:20 | Chimaera |
| Right click | 6198 |
| Select group | 4988 |
| Select | 2349 |
| Chat | 455 |
| Use ability | 436 |
| Build/train/purchase | 359 |
| Assign group | 150 |
| Misc. action | 146 |
| Item give/drop | 28 |
| Esc | 7 |
40 units @ 4.9k
/ 0.6k
145 buildings @ 19.1k
/ 11.9k



| Healing Salve | 1 | 100 |
| Lesser Clarity Potion | 2 | 140 |
| Orb of Lightning | 1 | 375 |
| Potion of Healing | 2 | 300 |
| Tiny Great Hall | 3 | 1800 |
| Scroll of Town Portal | 1 | 350 |
| Potion of Lesser Invulnerability | 3 | 450 |
| Boots of Speed | 2 | 500 |
| Periapt of Vitality | 2 | 650 |
| Medallion of Courage | 1 | 500 |
| Mask of Death | 1 | 1000 |
| Crown of Kings +5 | 1 | 1000 |
| total: | 20 | 7165g |
| Peon | 23 | 1725 | / | 0 |
| Troll Headhunter | 7 | 980 | / | 140 |
| Spirit Walker | 1 | 195 | / | 35 |
| Troll Berserker | 1 | 140 | / | 20 |
| Shaman | 2 | 260 | / | 40 |
| Demolisher | 2 | 440 | / | 100 |
| Troll Witch Doctor | 1 | 145 | / | 25 |
| Tauren | 1 | 280 | / | 80 |
| Goblin Shredder | 2 | 750 | / | 200 |
| total: | 40 | 4915g | / | 640w |
| Watch Tower | 100 | 11000 | / | 8000 |
| Orc Burrow | 13 | 2080 | / | 520 |
| Altar of Storms | 3 | 540 | / | 150 |
| War Mill | 4 | 820 | / | 0 |
| Barracks | 4 | 720 | / | 200 |
| Voodoo Lounge | 2 | 260 | / | 60 |
| Great Hall | 4 | 1540 | / | 740 |
| Tauren Totem | 5 | 675 | / | 775 |
| Spirit Lodge | 2 | 300 | / | 300 |
| Beastiary | 8 | 1160 | / | 1120 |
| Stronghold | 1 | 315 | / | 190 |
| Fortress | 1 | 325 | / | 190 |
| total: | 145 | 19095g | / | 11865w |
| 0:05 | Peon |
| 0:05 | Peon |
| 0:06 | Peon |
| 0:08 | Peon |
| 0:08 | Peon |
| 0:08 | Peon |
| 0:09 | Peon |
| 0:49 | Orc Burrow |
| 0:55 | Altar of Storms |
| 0:59 | Altar of Storms |
| 1:06 | War Mill |
| 1:23 | Barracks |
| 1:41 | Orc Burrow |
| 1:54 | Peon |
| 1:54 | Peon |
| 2:12 | Peon |
| 2:29 | Voodoo Lounge |
| 2:41 | Peon |
| 2:42 | Peon |
| 2:42 | Peon |
| 2:57 | Stronghold |
| 3:14 | Troll Headhunter |
| 3:18 | Mirror Image |
| 3:23 | Troll Headhunter |
| 3:39 | Troll Headhunter |
| 4:09 | Orc Burrow |
| 4:12 | Healing Salve |
| 4:17 | Troll Headhunter |
| 4:41 | Troll Headhunter |
| 5:00 | Critical Strike |
| 5:13 | Great Hall |
| 5:58 | Goblin Shredder |
| 6:08 | Mirror Image |
| 6:12 | Reinforced Defenses |
| 6:21 | Orc Burrow |
| 6:42 | Healing Wave |
| 6:45 | Lesser Clarity Potion |
| 7:10 | Fortress |
| 7:15 | Watch Tower |
| 7:35 | Watch Tower |
| 7:52 | Hex |
| 8:09 | Great Hall |
| 8:20 | Barracks |
| 8:22 | Tauren Totem |
| 8:24 | Spirit Lodge |
| 8:28 | Troll Headhunter |
| 8:28 | Troll Headhunter |
| 8:29 | Troll Regeneration |
| 8:40 | Watch Tower |
| 8:43 | Watch Tower |
| 8:54 | Steel Ranged Weapons |
| 8:56 | War Mill |
| 9:25 | Critical Strike |
| 9:36 | Berserker Upgrade |
| 9:38 | Orc Burrow |
| 9:40 | Spirit Walker |
| 9:41 | Spirit Walker Adept Training |
| 9:42 | Shaman Adept Training |
| 10:09 | Healing Wave |
| 10:15 | Orb of Lightning |
| 10:16 | Potion of Healing |
| 10:24 | Troll Berserker |
| 10:25 | Burning Oil |
| 10:33 | Potion of Healing |
| 10:37 | War Stomp |
| 10:51 | Watch Tower |
| 10:53 | Shaman Master Training |
| 10:53 | Shaman |
| 11:18 | Demolisher |
| 11:32 | Demolisher |
| 11:35 | Shaman |
| 11:48 | Spirit Lodge |
| 12:42 | Tiny Great Hall |
| 13:06 | Watch Tower |
| 13:11 | Watch Tower |
| 13:12 | Watch Tower |
| 13:12 | Watch Tower |
| 13:14 | Watch Tower |
| 13:14 | Watch Tower |
| 13:20 | Witch Doctor Adept Training |
| 13:26 | Peon |
| 13:26 | Peon |
| 13:41 | Endurance Aura |
| 13:51 | Peon |
| 13:53 | Watch Tower |
| 14:04 | Tauren Totem |
| 14:05 | Tauren Totem |
| 14:06 | Tauren Totem |
| 14:07 | Tauren Totem |
| 14:22 | Great Hall |
| 14:31 | Watch Tower |
| 14:34 | Watch Tower |
| 14:39 | Hex |
| 14:48 | Peon |
| 14:49 | Peon |
| 14:49 | Peon |
| 14:51 | Thorium Ranged Weapons |
| 14:52 | Steel Armor |
| 14:52 | Steel Melee Weapons |
| 14:52 | Spiked Barricades |
| 15:06 | War Stomp |
| 15:10 | Mirror Image |
| 15:17 | Watch Tower |
| 15:19 | Witch Doctor Master Training |
| 15:26 | Goblin Shredder |
| 15:51 | Watch Tower |
| 16:08 | Barracks |
| 16:09 | Barracks |
| 16:10 | Watch Tower |
| 16:11 | Watch Tower |
| 16:11 | Watch Tower |
| 16:12 | Watch Tower |
| 16:13 | Watch Tower |
| 16:15 | Watch Tower |
| 16:16 | Watch Tower |
| 16:17 | Watch Tower |
| 16:18 | Watch Tower |
| 16:19 | Watch Tower |
| 17:16 | Watch Tower |
| 17:17 | Watch Tower |
| 17:18 | Watch Tower |
| 17:26 | Scroll of Town Portal |
| 17:26 | Lesser Clarity Potion |
| 17:44 | Troll Witch Doctor |
| 17:54 | Tauren |
| 17:55 | Pulverize |
| 17:55 | Spirit Walker Master Training |
| 18:00 | Arcanite Ranged Weapons |
| 18:01 | Improved Spiked Barricades |
| 18:17 | Medallion of Courage |
| 19:17 | Mask of Death |
| 19:31 | Potion of Lesser Invulnerability |
| 19:34 | Boots of Speed |
| 19:35 | Periapt of Vitality |
| 19:43 | Boots of Speed |
| 20:02 | Tiny Great Hall |
| 20:22 | Watch Tower |
| 21:13 | Potion of Lesser Invulnerability |
| 21:16 | Periapt of Vitality |
| 22:08 | Beastiary |
| 22:08 | Beastiary |
| 22:09 | Beastiary |
| 22:10 | Beastiary |
| 22:11 | Beastiary |
| 22:14 | Peon |
| 22:19 | Peon |
| 22:27 | War Mill |
| 22:41 | Thorium Armor |
| 22:41 | Thorium Melee Weapons |
| 22:53 | Beastiary |
| 22:54 | Beastiary |
| 22:54 | Beastiary |
| 24:12 | Crown of Kings +5 |
| 24:25 | Watch Tower |
| 24:26 | Watch Tower |
| 24:26 | Watch Tower |
| 24:28 | Watch Tower |
| 24:28 | Watch Tower |
| 24:29 | Watch Tower |
| 24:29 | Watch Tower |
| 24:30 | Watch Tower |
| 24:30 | Watch Tower |
| 24:31 | Watch Tower |
| 24:31 | Watch Tower |
| 24:33 | Watch Tower |
| 24:34 | Watch Tower |
| 24:35 | Watch Tower |
| 24:36 | Watch Tower |
| 24:37 | Watch Tower |
| 24:39 | Watch Tower |
| 24:39 | Watch Tower |
| 24:40 | Watch Tower |
| 24:42 | Watch Tower |
| 24:44 | Watch Tower |
| 24:45 | Watch Tower |
| 24:46 | Watch Tower |
| 24:47 | Watch Tower |
| 24:48 | Watch Tower |
| 24:48 | Watch Tower |
| 24:49 | Watch Tower |
| 24:51 | Watch Tower |
| 24:51 | Watch Tower |
| 24:52 | Watch Tower |
| 24:53 | Watch Tower |
| 24:53 | Watch Tower |
| 24:54 | Watch Tower |
| 24:55 | Watch Tower |
| 24:56 | Watch Tower |
| 24:57 | Watch Tower |
| 24:58 | Watch Tower |
| 25:00 | Watch Tower |
| 25:05 | Great Hall |
| 25:11 | Endurance Aura |
| 25:17 | Watch Tower |
| 25:18 | Watch Tower |
| 25:19 | Watch Tower |
| 25:21 | Watch Tower |
| 25:22 | Watch Tower |
| 25:23 | Watch Tower |
| 25:24 | Watch Tower |
| 25:30 | Arcanite Armor |
| 27:32 | Peon |
| 27:42 | Tiny Great Hall |
| 28:04 | Peon |
| 29:32 | Arcanite Melee Weapons |
| 29:50 | Watch Tower |
| 29:55 | Watch Tower |
| 29:56 | Watch Tower |
| 29:57 | Watch Tower |
| 29:58 | Watch Tower |
| 30:00 | Watch Tower |
| 30:06 | Watch Tower |
| 30:09 | Watch Tower |
| 30:11 | Watch Tower |
| 30:12 | Watch Tower |
| 30:14 | Watch Tower |
| 30:15 | Watch Tower |
| 30:19 | Watch Tower |
| 30:20 | Watch Tower |
| 30:21 | Watch Tower |
| 30:23 | Watch Tower |
| 31:34 | Potion of Lesser Invulnerability |
| 33:43 | Voodoo Lounge |
| 33:45 | Altar of Storms |
| 34:33 | War Mill |
| 36:22 | Watch Tower |
| 36:22 | Watch Tower |
| 36:23 | Watch Tower |
| 36:24 | Watch Tower |
| 36:27 | Watch Tower |
| 36:28 | Watch Tower |
| 36:29 | Watch Tower |
| 36:30 | Watch Tower |
| 36:32 | Orc Burrow |
| 36:35 | Orc Burrow |
| 36:37 | Orc Burrow |
| 36:41 | Orc Burrow |
| 36:42 | Orc Burrow |
| 36:43 | Orc Burrow |
| 36:44 | Orc Burrow |
| 36:45 | Orc Burrow |
| 36:48 | Watch Tower |
| Right click | 593 |
| Select | 508 |
| Select group | 305 |
| Build/train/purchase | 145 |
| Misc. action | 121 |
| Use ability | 76 |
| Esc | 41 |
| Assign group | 19 |
| Item give/drop | 18 |
| Remove unit | 2 |
103 units @ 16k
/ 2.4k
87 buildings @ 12.9k
/ 7.2k



| Healing Salve | 5 | 500 |
| Lesser Clarity Potion | 4 | 280 |
| Potion of Mana | 2 | 400 |
| Orb of Lightning | 2 | 750 |
| Tiny Great Hall | 3 | 1800 |
| Scroll of Town Portal | 12 | 4200 |
| Scroll of Healing | 11 | 2750 |
| Boots of Speed | 1 | 250 |
| Potion of Invisibility | 1 | 100 |
| Scroll of Protection | 2 | 300 |
| Potion of Greater Mana | 2 | 800 |
| Mask of Death | 1 | 1000 |
| Legion Doom-Horn | 1 | 500 |
| Crown of Kings +5 | 9 | 9000 |
| Claws of Attack +12 | 3 | 1500 |
| The Lion Horn of Stormwind | 1 | 400 |
| Claws of Attack +9 | 2 | 600 |
| Boots of Quel'Thalas +6 | 2 | 800 |
| Potion of Invulnerability | 1 | 400 |
| Talisman of Evasion | 2 | 600 |
| Wand of the Wind | 1 | 450 |
| Alleria's Flute of Accuracy | 1 | 400 |
| Claws of Attack +6 | 2 | 250 |
| Khadgar's Pipe of Insight | 2 | 1000 |
| Potion of Greater Healing | 1 | 400 |
| Gloves of Haste | 1 | 125 |
| Belt of Giant Strength +6 | 1 | 400 |
| Mana Stone | 1 | 450 |
| Healing Wards | 1 | 450 |
| Ring of Regeneration | 1 | 300 |
| Sobi Mask | 1 | 400 |
| Helm of Valor | 1 | 500 |
| Ankh of Reincarnation | 1 | 450 |
| Scroll of the Beast | 1 | 400 |
| Hood of Cunning | 1 | 500 |
| Ring of the Archmagi | 4 | 0 |
| total: | 88 | 33405g |
| Peon | 36 | 2700 | / | 0 |
| Troll Headhunter | 12 | 1680 | / | 240 |
| Raider | 1 | 180 | / | 40 |
| Troll Witch Doctor | 6 | 870 | / | 150 |
| Kodo Beast | 1 | 255 | / | 60 |
| Shaman | 5 | 650 | / | 100 |
| Demolisher | 2 | 440 | / | 100 |
| Spirit Walker | 5 | 975 | / | 175 |
| Wind Rider | 21 | 5565 | / | 840 |
| Troll Batrider | 12 | 1920 | / | 480 |
| Goblin Shredder | 2 | 750 | / | 200 |
| total: | 103 | 15985g | / | 2385w |
| Watch Tower | 38 | 4180 | / | 3040 |
| Altar of Storms | 1 | 180 | / | 50 |
| Orc Burrow | 13 | 2080 | / | 520 |
| Voodoo Lounge | 7 | 910 | / | 210 |
| War Mill | 3 | 615 | / | 0 |
| Barracks | 5 | 900 | / | 250 |
| Great Hall | 5 | 1925 | / | 925 |
| Beastiary | 9 | 1305 | / | 1260 |
| Tauren Totem | 3 | 405 | / | 465 |
| Spirit Lodge | 3 | 450 | / | 450 |
| Stronghold | 1 | 315 | / | 190 |
| Fortress | 1 | 325 | / | 190 |
| total: | 87 | 12950g | / | 7170w |
| 0:01 | Peon |
| 0:07 | Altar of Storms |
| 0:11 | Orc Burrow |
| 0:13 | Peon |
| 0:20 | Peon |
| 0:35 | Peon |
| 0:40 | Voodoo Lounge |
| 0:49 | War Mill |
| 1:05 | Barracks |
| 1:12 | Peon |
| 1:12 | Peon |
| 1:22 | Peon |
| 1:37 | Orc Burrow |
| 1:43 | Peon |
| 2:04 | Mirror Image |
| 2:06 | Troll Headhunter |
| 2:10 | Voodoo Lounge |
| 2:26 | Troll Headhunter |
| 2:49 | Troll Headhunter |
| 3:11 | Stronghold |
| 3:42 | Critical Strike |
| 3:57 | Great Hall |
| 4:01 | Healing Salve |
| 4:01 | Healing Salve |
| 4:24 | Orc Burrow |
| 5:02 | Troll Headhunter |
| 5:57 | Troll Headhunter |
| 6:10 | Fortress |
| 6:17 | Peon |
| 6:18 | Peon |
| 6:26 | Troll Headhunter |
| 6:30 | Hex |
| 6:36 | Troll Headhunter |
| 6:38 | Peon |
| 6:53 | Troll Headhunter |
| 7:41 | Troll Headhunter |
| 7:48 | Troll Headhunter |
| 7:55 | Troll Headhunter |
| 8:19 | Troll Headhunter |
| 8:30 | Beastiary |
| 8:33 | Peon |
| 8:34 | Peon |
| 8:43 | Peon |
| 9:03 | Healing Wave |
| 9:39 | Lesser Clarity Potion |
| 9:39 | Potion of Mana |
| 9:41 | Healing Salve |
| 9:42 | Orb of Lightning |
| 9:58 | Raider |
| 9:58 | Ensnare |
| 10:04 | War Stomp |
| 10:32 | Mirror Image |
| 10:48 | Peon |
| 10:48 | Peon |
| 10:48 | Peon |
| 10:48 | Peon |
| 10:59 | Healing Salve |
| 10:59 | Lesser Clarity Potion |
| 11:07 | Healing Salve |
| 11:13 | Peon |
| 12:07 | Goblin Shredder |
| 12:13 | Endurance Aura |
| 12:28 | Berserker Upgrade |
| 12:59 | Pillage |
| 13:01 | Backpack |
| 13:07 | Spiked Barricades |
| 13:08 | Reinforced Defenses |
| 13:10 | War Drums Damage Increase |
| 13:22 | Troll Regeneration |
| 13:29 | Scroll of Town Portal |
| 13:29 | Boots of Speed |
| 13:32 | Orc Burrow |
| 13:33 | Orc Burrow |
| 13:34 | Orc Burrow |
| 13:43 | Ring of the Archmagi |
| 14:03 | Healing Wave |
| 14:27 | Potion of Greater Mana |
| 14:37 | Beastiary |
| 14:41 | Improved Spiked Barricades |
| 14:44 | Orc Burrow |
| 14:45 | Orc Burrow |
| 15:13 | Beastiary |
| 15:18 | Voodoo Lounge |
| 15:19 | War Stomp |
| 15:27 | War Mill |
| 15:36 | Critical Strike |
| 15:48 | Beastiary |
| 15:50 | Beastiary |
| 16:01 | Envenomed Spears |
| 16:02 | Liquid Fire |
| 16:58 | Great Hall |
| 17:08 | Hex |
| 17:11 | Scroll of Town Portal |
| 17:12 | Tiny Great Hall |
| 17:16 | Lesser Clarity Potion |
| 17:16 | Tiny Great Hall |
| 17:33 | Mask of Death |
| 17:38 | Legion Doom-Horn |
| 18:06 | Peon |
| 18:06 | Peon |
| 18:06 | Peon |
| 18:07 | Peon |
| 18:07 | Peon |
| 18:13 | Crown of Kings +5 |
| 18:17 | Claws of Attack +12 |
| 19:02 | Endurance Aura |
| 19:12 | Tauren Totem |
| 19:18 | Spirit Lodge |
| 19:24 | Peon |
| 19:24 | Peon |
| 19:52 | Spirit Lodge |
| 19:56 | Tauren Totem |
| 20:02 | Beastiary |
| 20:03 | Beastiary |
| 20:35 | Shaman Adept Training |
| 20:42 | Troll Witch Doctor |
| 20:42 | Witch Doctor Adept Training |
| 20:48 | Spirit Walker Adept Training |
| 21:11 | Shaman Master Training |
| 21:19 | Pulverize |
| 21:21 | Scroll of Town Portal |
| 21:34 | Crown of Kings +5 |
| 21:37 | The Lion Horn of Stormwind |
| 21:41 | Spirit Walker Master Training |
| 21:58 | Beastiary |
| 21:58 | Beastiary |
| 22:24 | Witch Doctor Master Training |
| 23:09 | Tauren Totem |
| 23:09 | Spirit Lodge |
| 23:24 | Steel Armor |
| 23:25 | Steel Ranged Weapons |
| 23:30 | Claws of Attack +9 |
| 23:35 | Boots of Quel'Thalas +6 |
| 23:40 | Ring of the Archmagi |
| 24:09 | Critical Strike |
| 24:20 | Great Hall |
| 24:22 | Voodoo Lounge |
| 24:23 | Voodoo Lounge |
| 24:37 | Watch Tower |
| 24:38 | Watch Tower |
| 25:09 | Goblin Shredder |
| 25:30 | Scroll of Town Portal |
| 25:38 | Watch Tower |
| 25:39 | Watch Tower |
| 25:40 | Watch Tower |
| 25:41 | Watch Tower |
| 25:56 | Thorium Armor |
| 25:57 | Thorium Ranged Weapons |
| 26:17 | Potion of Invulnerability |
| 26:20 | Talisman of Evasion |
| 26:21 | Wand of the Wind |
| 27:03 | Voodoo Lounge |
| 27:29 | Alleria's Flute of Accuracy |
| 27:52 | Scroll of Town Portal |
| 29:44 | Lesser Clarity Potion |
| 29:45 | Potion of Mana |
| 29:53 | Peon |
| 29:53 | Peon |
| 29:53 | Peon |
| 29:54 | Peon |
| 30:34 | Crown of Kings +5 |
| 30:36 | Ring of the Archmagi |
| 31:06 | Boots of Quel'Thalas +6 |
| 31:14 | Tiny Great Hall |
| 31:21 | Scroll of Town Portal |
| 31:36 | Potion of Invisibility |
| 32:43 | War Mill |
| 33:01 | Scroll of Town Portal |
| 33:08 | Arcanite Armor |
| 33:09 | Arcanite Ranged Weapons |
| 33:13 | Watch Tower |
| 33:14 | Watch Tower |
| 33:14 | Watch Tower |
| 33:15 | Watch Tower |
| 33:15 | Watch Tower |
| 33:19 | Scroll of Town Portal |
| 34:00 | Steel Melee Weapons |
| 34:18 | Watch Tower |
| 34:20 | Watch Tower |
| 34:23 | Watch Tower |
| 34:27 | Crown of Kings +5 |
| 34:29 | Claws of Attack +9 |
| 34:31 | Claws of Attack +6 |
| 35:04 | Thorium Melee Weapons |
| 35:23 | Ring of the Archmagi |
| 35:27 | Watch Tower |
| 35:28 | Watch Tower |
| 35:33 | Watch Tower |
| 36:14 | Watch Tower |
| 36:16 | Watch Tower |
| 36:21 | Arcanite Melee Weapons |
| 36:26 | Berserker Strength |
| 36:26 | Burning Oil |
| 36:50 | Khadgar's Pipe of Insight |
| 37:16 | Crown of Kings +5 |
| 37:20 | Claws of Attack +12 |
| 37:54 | Watch Tower |
| 38:05 | Watch Tower |
| 38:12 | Watch Tower |
| 39:18 | Watch Tower |
| 40:10 | Watch Tower |
| 40:22 | Watch Tower |
| 40:36 | Watch Tower |
| 40:37 | Watch Tower |
| 40:38 | Watch Tower |
| 40:40 | Watch Tower |
| 41:04 | Kodo Beast |
| 41:19 | Watch Tower |
| 41:49 | Watch Tower |
| 41:50 | Voodoo Lounge |
| 41:53 | Watch Tower |
| 41:55 | Watch Tower |
| 41:59 | Potion of Greater Healing |
| 41:59 | Talisman of Evasion |
| 41:59 | Claws of Attack +6 |
| 41:59 | Potion of Greater Mana |
| 42:05 | Gloves of Haste |
| 42:05 | Belt of Giant Strength +6 |
| 42:05 | Mana Stone |
| 42:05 | Healing Wards |
| 42:11 | Khadgar's Pipe of Insight |
| 42:11 | Ring of Regeneration |
| 42:12 | Sobi Mask |
| 42:29 | Troll Witch Doctor |
| 42:55 | Shaman |
| 43:00 | Watch Tower |
| 43:04 | Watch Tower |
| 43:06 | Watch Tower |
| 43:11 | Watch Tower |
| 43:19 | Helm of Valor |
| 43:22 | Ankh of Reincarnation |
| 43:26 | Watch Tower |
| 44:30 | Shaman |
| 44:45 | Orc Burrow |
| 44:47 | Orc Burrow |
| 44:47 | Orc Burrow |
| 44:50 | Healing Wave |
| 46:51 | Barracks |
| 46:52 | Barracks |
| 46:52 | Barracks |
| 46:53 | Barracks |
| 46:58 | Crown of Kings +5 |
| 47:12 | Demolisher |
| 47:26 | Demolisher |
| 48:44 | Peon |
| 48:47 | Peon |
| 48:58 | Crown of Kings +5 |
| 49:20 | Orc Burrow |
| 49:22 | Orc Burrow |
| 50:54 | War Stomp |
| 52:50 | Bladestorm |
| 53:23 | Spirit Walker |
| 53:52 | Wind Rider |
| 53:52 | Wind Rider |
| 53:53 | Wind Rider |
| 53:55 | Wind Rider |
| 53:55 | Wind Rider |
| 54:04 | Shaman |
| 54:04 | Troll Witch Doctor |
| 54:10 | Scroll of Town Portal |
| 54:31 | Wind Rider |
| 54:32 | Wind Rider |
| 54:45 | Scroll of the Beast |
| 54:54 | Scroll of Healing |
| 54:58 | Scroll of Healing |
| 55:33 | Wind Rider |
| 55:34 | Wind Rider |
| 55:40 | Troll Batrider |
| 55:58 | Wind Rider |
| 57:00 | Hex |
| 57:19 | Scroll of Healing |
| 57:25 | Scroll of Healing |
| 57:25 | Scroll of Protection |
| 57:37 | Troll Batrider |
| 57:58 | Shaman |
| 58:12 | Wind Rider |
| 58:13 | Troll Batrider |
| 58:27 | Scroll of Town Portal |
| 59:36 | Endurance Aura |
| 59:58 | Mirror Image |
| 60:02 | Troll Batrider |
| 60:25 | Serpent Ward |
| 60:56 | Reincarnation |
| 61:11 | Troll Witch Doctor |
| 61:12 | Troll Witch Doctor |
| 61:29 | Wind Rider |
| 61:32 | Spirit Walker |
| 61:35 | Spirit Walker |
| 62:23 | Troll Batrider |
| 62:40 | Wind Walk |
| 63:44 | Serpent Ward |
| 64:00 | Shockwave |
| 64:51 | Scroll of Town Portal |
| 64:51 | Scroll of Healing |
| 64:54 | Troll Batrider |
| 66:46 | Wind Rider |
| 66:59 | Wind Walk |
| 67:05 | Crown of Kings +5 |
| 67:10 | Great Hall |
| 67:12 | Scroll of Healing |
| 67:13 | Scroll of Healing |
| 68:09 | Troll Batrider |
| 68:11 | Scroll of Protection |
| 68:49 | Claws of Attack +12 |
| 69:57 | Peon |
| 69:57 | Peon |
| 69:57 | Peon |
| 69:58 | Peon |
| 70:07 | Troll Batrider |
| 70:26 | Scroll of Town Portal |
| 70:26 | Scroll of Healing |
| 70:38 | Wind Rider |
| 70:38 | Wind Rider |
| 70:38 | Wind Rider |
| 70:39 | Wind Rider |
| 71:57 | Serpent Ward |
| 72:02 | Shockwave |
| 72:22 | Wind Walk |
| 72:32 | Troll Batrider |
| 73:53 | Scroll of Healing |
| 73:55 | Scroll of Healing |
| 75:09 | Shaman |
| 75:10 | Troll Witch Doctor |
| 75:12 | Big Bad Voodoo |
| 75:15 | Wind Rider |
| 75:15 | Wind Rider |
| 75:16 | Wind Rider |
| 75:16 | Wind Rider |
| 75:28 | Great Hall |
| 75:40 | Spirit Walker |
| 75:49 | Spirit Walker |
| 76:49 | Hood of Cunning |
| 76:58 | Scroll of Healing |
| 77:50 | Shockwave |
| 78:02 | Troll Batrider |
| 78:37 | Troll Batrider |
| 78:37 | Troll Batrider |
| 78:52 | Crown of Kings +5 |
| 79:00 | Orb of Lightning |
| Right click | 5506 |
| Select group | 4861 |
| Select | 1797 |
| Misc. action | 753 |
| Chat | 679 |
| Use ability | 648 |
| Assign group | 556 |
| Build/train/purchase | 499 |
| Item give/drop | 53 |
| Esc | 16 |
⇛